Cogmind - Beta 15 @@@ ROGUE MODE // 2025.06.24 @ 17:56:51 Player: Kaeinara Result: Self-destructed Performance ------------- Evolutions (1) 500 Regions Visited (3) 600 Robots Destroyed (11) 55 Value Destroyed (212) 212 Prototype IDs (1) 20 Alien Tech Used (0) 0 Bonus (-30) -30 TOTAL SCORE: 1357 Bonus ------- Follower Combat Kills 90 Friendly Fire -120 Cogmind --------- Core Integrity 344/400 Matter 290/300 Energy 83/100 System Corruption 0% Temperature Cool (0) Movement Walking (190) Ox1 Location -9/Materials Parts ------- > --- POWER (1) -------- (None) > --- PROPULSION (4) --- Aluminum Leg > --- UTILITY (2) ------ Medium Storage Unit Thief Drone Bay (2/3) > --- WEAPON (2) ------- Particle Cannon Light Assault Rifle > --- INVENTORY (10) --- Light Ion Engine Light Treads Scrap Suit Heat Sink Heavy EM Pulse Gun Medium Laser Beamcaster Heavy Assault Rifle Peak State ------------ > --- POWER ------------ Ion Engine > --- PROPULSION ------- Aluminum Leg Aluminum Leg Aluminum Leg Aluminum Leg > --- UTILITY ---------- Small Storage Unit Light Armor Plating > --- WEAPON ----------- Beamcaster Particle Cannon > --- INVENTORY -------- Light Ion Engine Aluminum Leg Scrap Suit Thief Drone Bay Heavy EM Pulse Gun Medium Laser Light Assault Rifle [Rating: 16] Favorites ----------- Power Ion Engine Engine Ion Engine Propulsion Aluminum Leg Leg Aluminum Leg Utility Small Storage Unit Device Thief Drone Bay Storage Small Storage Unit Protection Light Armor Plating Weapon Light Assault Rifle Energy Gun Medium Laser Energy Cannon Particle Cannon Ballistic Gun Light Assault Rifle Build | -11 -10 -10 -9 ------- Run | Yrd Mat Min Mat Slots Evolved 2 | . . . 2 Power . | . . . . Propulsion 2 | . . . 2 Utility . | . . . . Weapon . | . . . . Parts Attached 15 | 6 . 5 4 Power 1 | 1 . . . Engine 1 | 1 . . . Core . | . . . . Reactor . | . . . . Propulsion 6 | 2 . 3 1 Treads . | . . . . Leg 6 | 2 . 3 1 Wheel . | . . . . Hover . | . . . . Flight . | . . . . Utility 4 | 1 . 1 2 Device 1 | . . . 1 Storage 2 | 1 . . 1 Processor . | . . . . Hackware . | . . . . Protection 1 | . . 1 . Artifact . | . . . . Weapon 4 | 2 . 1 1 Energy Gun 2 | 1 . 1 . Energy Cannon 1 | . . . 1 Ballistic Gun 1 | 1 . . . Ballistic Cannon . | . . . . Launcher . | . . . . Special Weapon . | . . . . Impact Weapon . | . . . . Slashing Weapon . | . . . . Piercing Weapon . | . . . . Special Melee Weapon . | . . . . Unidentified Prototypes 1 | . . . 1 Parts Lost 7 | . . 1 6 Power 1 | . . . 1 Propulsion 5 | . . 1 4 Utility 1 | . . . 1 Weapon . | . . . . Highest Loss Streak 6 | . . 1 6 To Critical Strikes . | . . . . Average Backups 6 | 4 6 6 6 Power . | . 1 1 1 Propulsion 3 | 3 4 3 . Utility 1 | . . 1 1 Weapon 1 | . 1 . 2 Tool/Special . | . . . . Unused Backups 9 | . . 6 3 Power 1 | . . . 1 Propulsion 4 | . . 4 . Utility 2 | . . 1 1 Weapon 2 | . . 1 1 Tool/Special . | . . . . Average Slot Usage (%) 85 | . 85 89 75 Engine 12 | . 14 14 6 Leg 27 | . 28 27 27 Storage 13 | . 14 14 11 Protection 3 | . . 4 6 Energy Gun 12 | . 14 14 6 Energy Cannon 1 | . . . 8 Ballistic Gun 12 | . 14 14 7 Peak Build Rating 16 | 6 6 13 16 Average Rating 7 | 3 6 7 12 On Entrance 6 | . 6 6 13 Naked Turns . | . . . . Heaviest Build 22 | 13 13 19 22 Greatest Support 40 | 20 20 20 40 Greatest Overweight (x) 1 | 1 . . 1 Average Overweight (x) . | . . . . Largest Inventory Capacity 10 | 8 8 8 10 Average Capacity 7 | 7 8 8 8 Most Carried 8 | 8 7 8 8 Average Carried 7 | 5 6 7 7 Final Capacity 10 | 8 8 8 10 Final Carried 9 | 6 7 8 9 Class Distribution -------------------- 91% | Mutant 8% | Scavenger-Mutant Dominant Class ---------------- Mutant | -10/Materials Mutant | -10/Mines Mutant | -9/Materials Resources | -11 -10 -10 -9 ----------- Run | Yrd Mat Min Mat Matter Collected 368 | 235 25 84 24 Remotely . | . . . . Salvage Created 417 | . . 286 131 Parts 16 | . . 8 8 Haulers Intercepted . | . . . . Recyclers Shooed . | . . . . Parts Field Recycled . | . . . . Retrieved Matter . | . . . . Parts Self-Destructed . | . . . . Prevented . | . . . . Kills | -11 -10 -10 -9 ------- Run | Yrd Mat Min Mat Combat Hostiles Destroyed 17 | . . 12 5 Guns 15 | . . 12 3 Cannons 2 | . . . 2 Classes Destroyed 4 | . . 3 1 Mechanic 1 | . . . 1 Swarmer 5 | . . 2 3 Grunt 4 | . . 2 2 Assembled 8 | . . 8 . Thug 1 | . . 1 . Best Kill Streak 6 | . . 3 6 Combat Bots Only 4 | . . 3 4 Max Kills in Single Turn 2 | . . 2 1 Gunslinging 1 | . . 1 . Exploded . | . . . . Melee . | . . . . Uniques/NPCs Destroyed . | . . . . Combat | -11 -10 -10 -9 -------- Run | Yrd Mat Min Mat Hostile Shots Fired 102 | . . 47 55 Missed 20 | . . 11 9 Hits 82 | . . 36 46 Melee 8 | . . 8 . Projectile 74 | . . 28 46 Damage Taken 1046 | . . 621 425 Core 230 | . . 174 56 Absorbed by Shields . | . . . . Core Remaining (%) 65 | 100 . 30 . Volleys Fired 52 | . . 36 16 Largest 2 | . . 2 2 Hottest 143 | . . 95 143 Shots Fired 104 | . . 72 32 Gun 88 | . . 72 16 Cannon 16 | . . . 16 Launcher . | . . . . Special . | . . . . Kinetic 45 | . . 36 9 Thermal 59 | . . 36 23 Explosive . | . . . . Electromagnetic . | . . . . Robot Hit Streak 4 | . . 4 4 Robot Miss Streak 5 | . . 5 2 Penetration Max . | . . . . Secondary Targets 4 | . . 4 . Max Gunslinging Chain 1 | . . 1 . Shots Hit Robots 53 | . . 36 17 Core Hits 28 | . . 20 8 Critical Kills . | . . . . Critical Parts Destroyed . | . . . . Critical Strikes 1 | . . 1 . Burn 1 | . . 1 . Melee Attacks . | . . . . Impact . | . . . . Slashing . | . . . . Piercing . | . . . . Sneak Attacks . | . . . . Combat Hostiles . | . . . . Follow-up Attacks . | . . . . Damage Inflicted 798 | . . 464 334 Guns 604 | . . 464 140 Cannons 163 | . . . 163 Explosions . | . . . . Melee . | . . . . Ramming 31 | . . . 31 Kinetic 244 | . . 186 58 Thermal 523 | . . 278 245 Explosive . | . . . . Electromagnetic . | . . . . Impact . | . . . . Slashing . | . . . . Piercing . | . . . . Highest Corruption . | . . . . Average Corruption . | . . . . Corruption Purged . | . . . . Corruption Blocked . | . . . . Overload Shots . | . . . . Overflow Damage . | . . . . Projectiles . | . . . . Explosions . | . . . . Melee . | . . . . Knockbacks . | . . . . Impact . | . . . . Kinetic . | . . . . Secondary . | . . . . Self-Inflicted Damage . | . . . . Shots . | . . . . Rammed . | . . . . Targets Rammed 12 | . . . 12 Kicked 12 | . . . 12 Crushed . | . . . . Highest Temperature 331 | . . 331 331 Average Temperature 134 | . . 106 192 Received Heat Transfer 241 | . . 166 75 Effects 2 | . . 1 1 Energy Bleed 1 | . . 1 . Damage (minor) 1 | . . . 1 Siege Activations . | . . . . Martial Activations . | . . . . Shielding Activations . | . . . . Robots Disrupted . | . . . . Combat Hostiles . | . . . . Robots Corrupted . | . . . . Combat Hostiles . | . . . . Parts Fried . | . . . . Impact Corruptions . | . . . . Robots Melted . | . . . . Combat Hostiles . | . . . . Parts Melted 1 | . . 1 . Heat Transferred 1221 | . . 777 444 Parts Sabotaged . | . . . . Parts Stolen . | . . . . Parts Stripped . | . . . . Power Chain Reactions . | . . . . Alert | -11 -10 -10 -9 ------- Run | Yrd Mat Min Mat Maximum Alert Level . | . . . . Low Security (%) 100 | 100 100 100 100 Level 1 . | . . . . Level 2 . | . . . . Level 3 . | . . . . Level 4 . | . . . . Level 5 . | . . . . High Security . | . . . . Max Security . | . . . . Peak Influence 85 | . . 85 50 Initial . | . . . . Average 11 | . . 19 12 Influence Increases 319 | . 5 166 148 Destroy 0b10 Robot/C 260 | . . 140 120 Destroy 0b10 Robot/NC 5 | . . . 5 Destroy Leader 40 | . . 20 20 Allied During Kill 9 | . . 6 3 Successful Hack 5 | . 5 . . Influence Decreases 296 | . 5 166 125 Time Decay 251 | . 5 166 80 Lost Part 45 | . . . 45 Squads Dispatched 2 | . 1 1 . Investigation . | . . . . Extermination . | . . . . Reinforcement 1 | . 1 . . Assault 1 | . . 1 . Garrison . | . . . . Intercept . | . . . . Searches Triggered . | . . . . Construction Impeded . | . . . . Haulers Reinforced . | . . . . Active Scanning Responses . | . . . . Cargo Convoy Interrupts . | . . . . Stealth | -11 -10 -10 -9 --------- Run | Yrd Mat Min Mat Distress Signals 3 | . 1 . 2 Communications Jammed . | . . . . Distress Signals . | . . . . Times Spotted 43 | . 4 27 12 Peak Tracking Total 6 | . 2 6 5 Tactical Retreats 2 | . . 2 . Traps | -11 -10 -10 -9 ------- Run | Yrd Mat Min Mat Traps Triggered . | . . . . Indirectly . | . . . . Trap Hack Attempts . | . . . . Triggered . | . . . . Disarmed . | . . . . Reprogrammed . | . . . . Reused . | . . . . Traps Extracted . | . . . . Installed . | . . . . Triggered . | . . . . Machines | -11 -10 -10 -9 ---------- Run | Yrd Mat Min Mat Machines Disabled . | . . . . Max in Single Turn . | . . . . Machines Repaired . | . . . . Machines Dismantled . | . . . . Machines Sabotaged . | . . . . Overloaded Fab Kills . | . . . . Hacking | -11 -10 -10 -9 --------- Run | Yrd Mat Min Mat Machines Accessed 4 | . 2 1 1 Terminals 3 | . 2 . 1 Fabricators . | . . . . Repair Stations . | . . . . Recycling Units . | . . . . Scanalyzers . | . . . . Garrison Access . | . . . . Total Hacks 8 | . 3 1 4 Successful 2 | . 1 1 . Failed 6 | . 2 . 4 Catastrophic . | . . . . Database Lockouts . | . . . . Manual . | . . . . Terminals 7 | . 3 . 4 Fabricators . | . . . . Repair Stations . | . . . . Recycling Units . | . . . . Scanalyzers . | . . . . Garrison Access . | . . . . Terminal Hacks 2 | . 1 1 . Open Door 1 | . . 1 . Hauler Manifests 1 | . 1 . . Fabricator Hacks . | . . . . Repair Station Hacks . | . . . . Recycling Unit Hacks . | . . . . Scanalyzer . | . . . . Garrison Access Hacks . | . . . . Unauthorized Hacks . | . . . . Terminals . | . . . . Fabricators . | . . . . Repair Stations . | . . . . Recycling Units . | . . . . Scanalyzers . | . . . . Garrison Access . | . . . . Data Cores Recovered 1 | . 1 . . Used . | . . . . Hacking Detections 2 | . 1 . 1 Full Trace Events . | . . . . Feedback Events . | . . . . Feedback Blocked . | . . . . Robot Schematics Acquired . | . . . . Robots Built . | . . . . Authchips . | . . . . Time . | . . . . Total Robot Build Rating . | . . . . Part Schematics Acquired . | . . . . Parts Built . | . . . . Authchips . | . . . . Time . | . . . . Total Part Build Rating . | . . . . Parts Repaired . | . . . . Time . | . . . . Parts Recycled . | . . . . Recycled Matter . | . . . . Retrieved Matter . | . . . . Retrieved Components . | . . . . Parts Scanalyzed . | . . . . Part Schematics Acquired . | . . . . Parts Damaged . | . . . . Bothacking | -11 -10 -10 -9 ------------ Run | Yrd Mat Min Mat Used RIF Installer . | . . . . Robots Hacked . | . . . . Non-combat . | . . . . Combat . | . . . . Robot Hacks Applied . | . . . . Relay Couplers Released . | . . . . Fabnet Peak Effective % . | . . . . Robots Rewired . | . . . . Allies Hacked . | . . . . Hacks Repelled . | . . . . Allies | -11 -10 -10 -9 -------- Run | Yrd Mat Min Mat Total Allies 2 | . . 2 . Largest Group 1 | . . 1 . Highest-Rated Group 31 | . . 31 . Highest-Rated Ally 31 | . . 31 . Total Orders . | . . . . Ally Attacks 45 | . . 33 12 Total Damage 455 | . . 423 32 Kills 7 | . . 6 1 Allies Corrupted . | . . . . Allies Melted . | . . . . Intel | -11 -10 -10 -9 ------- Run | Yrd Mat Min Mat Active Infowar (turns) . | . . . . Robot Analysis Total . | . . . . Derelict Logs Recovered 1 | . . 1 . Drone Launches 5 | . . . 5 Drone Recoveries 4 | . . . 4 Exploration | -11 -10 -10 -9 ------------- Run | Yrd Mat Min Mat Turns Passed 1552 | 70 469 694 319 Spaces Moved 793 | 47 255 347 144 Core 15 | 15 . . . Treads . | . . . . Legs 778 | 32 255 347 144 Wheels . | . . . . Hover . | . . . . Flight . | . . . . Fastest Speed 50 | 50 120 120 120 Average Speed 120 | 112 120 120 127 Slowest Speed 190 | 190 120 120 190 Overloaded Moves . | . . . . Propulsion Burnouts . | . . . . Robots Hopped . | . . . . Potential Cave-ins . | . . . . Cave-ins Triggered . | . . . . Exploration Rate (%) 31 | 4 48 55 20 Regions Visited 3 Branch Regions 1 Pre-discovered Areas . | . . . . Known Exits Taken . | . . . . Unknown Exits Taken 3 | 1 1 1 . Scrap Searched 2 | . . 2 . Spaces Dug . | . . . . Terrain Destroyed . | . . . . Melee . | . . . . Projectile . | . . . . AOE . | . . . . Terrain Rammed . | . . . . Walls Destroyed . | . . . . Machines Disabled . | . . . . Actions | -11 -10 -10 -9 --------- Run | Yrd Mat Min Mat Total 1287 | 64 418 561 244 Wait 385 | . 163 160 62 Move 790 | 46 254 346 144 Hop . | . . . . Pick Up 23 | 12 1 8 2 Fast Attach . | . . . . Attach 12 | 6 . 2 4 Detach . | . . . . Swap 6 | . . 3 3 Drop 7 | . . 6 1 Fire 52 | . . 36 16 Melee . | . . . . Ram . | . . . . Kick 12 | . . . 12 Crush . | . . . . Escape Stasis . | . . . . Rewire . | . . . . Trap . | . . . . Miscellaneous . | . . . . Route ------- -11/Scrapyard -10/Materials -10/Mines (discovered 2 exits: *Mat / Sub) -9/Materials (discovered 1 exit: [*Sto]) History --------- Turn | Location | Event 17 | -11/Scrapyard | Discovered new exit (range 16) 71 | -11/Scrapyard | Entered Materials 72 | -10/Materials | Met a group of wandering Federalists 300 | -10/Materials | Build established: Mutant 388 | -10/Materials | Discovered new exit (range 15) 540 | -10/Materials | Entered Mines 541 | -10/Mines | Met a Derelict testing a Signal Generator 591 | -10/Mines | Identified exit to Subcaves 714 | -10/Mines | Assembled infested the area 963 | -10/Mines | Escorted by a lone wolf Derelict 972 | -10/Mines | Core integrity fell below 50% 1027 | -10/Mines | Found a Scrap Suit stashed away for nefarious purposes 1030 | -10/Mines | Found Scrap Suit 1065 | -10/Mines | Found the Drone Emporium 1074 | -10/Mines | Found Prototype Device 1222 | -10/Mines | Discovered new exit (range 9) 1234 | -10/Mines | Entered Materials 1234 | -9/Materials | Evolved 2 slots: Propulsion x2 1275 | -9/Materials | Discovered new exit (range 13) 1454 | -9/Materials | Lost 6 parts (1p4n1u) 1517 | -9/Materials | Identified Thief Drone Bay 1553 | -9/Materials | Self-destructed Last Messages --------------- (repair cost: 2). 01523_ Y-45 Defender Heat Sink ripped off. 01524_ Y-45 Defender destroyed. 01525_ Thief Drone delivers Heat Sink. 01525_ Thief Drone retrieved by Thief Drone Bay (repair cost: 2). 01531_ Acquired 10 matter. 01532_ Thief Drone released from Thief Drone Bay. 01542_ W-16 Scout sends out distress signal. 01545_ W-16 Scout Lgt. Ion Engine ripped off. 01547_ Y-45 Defender Lgt. Treads ripped off. 01549_ Thief Drone delivers Lgt. Ion Engine. 01549_ Thief Drone retrieved by Thief Drone Bay (repair cost: 2). 01550_ Dropped Sml. Storage Unit. 01552_ Y-45 Defender Beam Rifle ripped off. 01553_ Thief Drone delivers Lgt. Treads. 01553_ Thief Drone retrieved by Thief Drone Bay (repair cost: 2). Map ----- +----------------------------------------------------+ | ?????????????????????????????????????????????????? | | ?????????????????????????????????????????????????? | | ?????????????????????????????????????????????????? | | ?????????????????????????????????????????????????? | | ?????????????????????????????????????????????????? | | ?????????????????????????????????????????????????? | | ?????????????????????????????????????????????????? | | ?????????????????????????????????????????????????? | | ?????????????????????????????????????????????????? | | ?????????????????????????????????????????????? ??? | | ?????????????????????????????????????????????? ??? | | ????????????????????###??????????????????????? ??? | | ??????????????????#!!!!#???????????????????### ##? | | ??????????????????? !???????????????????? #? | | ??????????????????? ???????????????????? #? | | ???????????????????# #??????????????????? #? | | ???????????????##### ???????????????????# #? | | ???????????????? #??????????????????# #? | | ????????????????? #??????????????????# #? | | ?????????????????? ##########?????????# ## | | ???????????????????# #?????????# # | | ????????????????????# +?????????# # | | ????????????????????# #?????????# # | | ????????????????????# !!! %[ #?????????# + | | ????????????????????# !!! [[ #?????????# # | | ????????????????????# !!@ [[ #?????????# # | | ????????????????????# * = ########### ## | | ????????????????????# [%! | | ????????????????????## ### ### | | ?????????????????????# ??# #?# t % % | | ?????????????????????#???# ####+############% ## | | ?????????????????????????# ## ####### #? | | ?????????????????????????# ## """ # # #? | | ?????????????????###?????# ## """ #""" # #? | | ????????????????? ???# ## """ #""" # ## | | ????????????????# " ?## ## #""" + ## | | ????????????????? "" # # """ ! # # ## | | ?????????????????????"" + " # """ # # ## | | ????????????????????????# + """ # # ## | | ????????????????????????# # # =# ## | | ????????????????????????## ################# ## | | ?????????????????????????# #??????????????# # | | ?????????????????????????# #??????????????# | | ?????????????????????????# #??????????????# < | | ????????????????????????## ##?????????????# | | ????????????????????????# n #?????????????# # | | ????????????????????? Y #?????????????####### | | ????????????????? k #???????????????????? | | ????????????????######### #???????????????????? | | ????????????????????????##+###??????????????###### | +----------------------------------------------------+ Best States ------------- Heat Dissipation 28 Energy Generation 10 Energy Capacity 250 Matter Stores 300 Matter Capacity 300 Sight Range 16 Terrain Scan Density 10 Armor Coverage 150 Evasion (%) 55 Item Schematics ----------------- None Robot Schematics ------------------ None Fabricated ------------ Nothing Repaired ---------- Nothing Alien Tech Used ----------------- None Achievements -------------- None Challenges ------------ None Game ------ Seed ArmorPiercingTendrils Manual? 0 Play Time 00:27:51 Cumulative 27.5 hours Start 2025.06.07 @ 20:02:43 End 2025.06.24 @ 17:56:51 Sessions 3 Manual Loads 0 Difficulty Rogue Special Mode None Game No. 35 Rogue 35 Adventurer 0 Explorer 0 Win Type - Total 0 Types 0/0/0/0/0/0/0/0/0/0 Lore% 8 Gallery% 23 Achievement% 18 Wizard Run 0 Options --------- Layout 1 ASCII 0 Keyboard 0 Movement Mouse Keybinds 0 Fullscreen 1 Font 24/Smallcaps Map View 50x35 Zoom Use 0% Tactical HUD 1 Map Filters NONE Filters NONE Steam 1 RUN: 2fbdcbfc-9bed-4fac-b71a-82e3195c1ecb